[ AOE2 MATCH · #513619088 ]
UnrankedKhmer vs Incas
Player's team · LOSS
Rival team · WIN
[ REPLAY ANALYSIS · EXTRACTED FROM THE RECORDED GAME ]
Feudal
13:32
Castle
28:33
Imperial
—
| APM avg | 66.4 |
| APM peak | 111 |
| eAPM avg | 29.3 |
| Villagers / military | 99 / 41 |
Focus
⚔️ 31.0% · 🌾 69.0%
Skirmisher ×13 · Scout Cavalry ×11 · Archer ×10 · Mangonel ×5 · Knight ×2
Feudal
12:38
Castle
28:46
Imperial
—
| APM avg | 53.6 |
| APM peak | 91 |
| eAPM avg | 26.6 |
| Villagers / military | 147 / 60 |
Focus
⚔️ 37.9% · 🌾 62.1%
Archer ×33 · Mangonel ×10 · Skirmisher ×10 · Unknown (2550) ×4 · Monk ×3 · Battering Ram ×2
Match map
Initial resources + every placement click. Lines = walls · curves = elevation contours. ◆ gold · ⬟ stone · ● berries · ✦ relic · ◌ wall gap
Your base· Open — 3t gap
avlid's base· Open — 4t gap
Smoothed initial terrain · ◌ = detected wall gap · hover for details
Inputs per minute
— Fake2K - - avlid
Build order — Fake2K
First 150 of 291 actions detected
| 0:01 | Queue | Villager (Male) |
| 0:01 | Queue | Villager (Male) |
| 0:03 | Build | House |
| 0:05 | Build | House |
| 0:09 | Queue | Villager (Male) |
| 0:12 | Queue | Villager (Male) |
| 0:44 | Research | Loom |
| 0:49 | Queue | Villager (Male) |
| 0:49 | Queue | Villager (Male) |
| 1:30 | Queue | Villager (Male) |
| 2:20 | Queue | Villager (Male) |
| 2:22 | Build | Lumber Camp |
| 2:30 | Build | Palisade Gate |
| 2:43 | Queue | Villager (Male) |
| 3:23 | Queue | Villager (Male) |
| 3:49 | Queue | Villager (Male) |
| 4:11 | Build | Mill |
| 4:47 | Queue | Villager (Male) |
| 5:03 | Build | Farm |
| 5:22 | Queue | Villager (Male) |
| 5:26 | Queue | Villager (Male) |
| 6:16 | Build | Farm |
| 6:17 | Queue | Villager (Male) |
| 6:25 | Queue | Villager (Male) |
| 6:30 | Queue | Villager (Male) |
| 6:44 | Build | House |
| 7:19 | Queue | Villager (Male) |
| 7:29 | Queue | Villager (Male) |
| 7:33 | Build | Mill |
| 7:50 | Queue | Villager (Male) |
| 8:44 | Queue | Villager (Male) |
| 8:46 | Build | House |
| 9:00 | Build | Farm |
| 9:03 | Build | House |
| 9:20 | Queue | Villager (Male) |
| 9:31 | Build | Palisade Wall |
| 9:31 | Build | Palisade Wall |
| 9:32 | Build | Palisade Wall |
| 9:32 | Build | Palisade Wall |
| 9:32 | Build | Palisade Wall |
| 9:33 | Build | Palisade Wall |
| 9:37 | Build | Palisade Wall |
| 9:40 | Build | Palisade Wall |
| 9:40 | Build | Palisade Wall |
| 9:41 | Build | Palisade Wall |
| 9:41 | Build | Palisade Wall |
| 9:41 | Build | Palisade Wall |
| 9:42 | Build | Palisade Wall |
| 9:42 | Build | Palisade Wall |
| 9:42 | Build | Palisade Wall |
| 9:43 | Build | Palisade Wall |
| 10:14 | Queue | Villager (Male) |
| 10:19 | Build | Palisade Wall |
| 10:20 | Build | Palisade Wall |
| 10:20 | Build | Palisade Wall |
| 10:20 | Build | Palisade Wall |
| 10:24 | Build | Palisade Wall |
| 10:25 | Build | Palisade Wall |
| 10:35 | Queue | Villager (Male) |
| 10:43 | Build | Farm |
| 11:22 | Research | Feudal Age |
| 11:36 | Build | Mining Camp |
| 11:45 | Build | Palisade Wall |
| 11:47 | Build | Palisade Wall |
| 12:03 | Build | Outpost |
| 12:09 | Build | Palisade Wall |
| 12:46 | Build | Palisade Wall |
| 12:47 | Build | Palisade Wall |
| 13:15 | Build | Palisade Wall |
| 13:19 | Build | Palisade Wall |
| 13:23 | Build | Palisade Wall |
| 13:25 | Build | Palisade Wall |
| 13:32 | Age | Feudal Age |
| 13:36 | Queue | Villager (Male) |
| 13:37 | Queue | Villager (Male) |
| 13:42 | Build | Archery Range |
| 13:52 | Research | Double-Bit Axe |
| 13:52 | Research | Double-Bit Axe |
| 14:18 | Build | Watch Tower |
| 14:21 | Build | Palisade Wall |
| 14:23 | Build | House |
| 14:25 | Queue | Archer |
| 14:31 | Queue | Villager (Male) |
| 14:39 | Build | House |
| 14:45 | Queue | Archer |
| 14:53 | Build | House |
| 14:57 | Queue | Archer |
| 15:06 | Queue | Archer |
| 15:17 | Queue | Villager (Male) |
| 15:22 | Build | Mining Camp |
| 15:29 | Queue | Villager (Male) |
| 15:45 | Queue | Villager (Male) |
| 15:46 | Queue | Villager (Male) |
| 16:01 | Build | Stable |
| 16:09 | Queue | Archer |
| 16:32 | Queue | Archer |
| 16:32 | Queue | Villager (Male) |
| 16:36 | Build | Blacksmith |
| 16:45 | Build | Palisade Wall |
| 16:46 | Build | Palisade Wall |
| 17:07 | Queue | Scout Cavalry |
| 17:10 | Build | Farm |
| 17:11 | Build | Farm |
| 17:26 | Build | Farm |
| 17:28 | Build | Farm |
| 17:46 | Queue | Archer |
| 17:59 | Queue | Archer |
| 18:00 | Queue | Scout Cavalry |
| 18:07 | Build | Lumber Camp |
| 18:09 | Build | Farm |
| 18:11 | Build | Farm |
| 18:14 | Build | Farm |
| 18:30 | Build | House |
| 18:49 | Queue | Villager (Male) |
| 19:09 | Queue | Villager (Male) |
| 19:14 | Build | Palisade Wall |
| 19:26 | Queue | Villager (Male) |
| 19:27 | Build | Lumber Camp |
| 19:39 | Queue | Scout Cavalry |
| 19:44 | Research | Fletching |
| 19:55 | Build | Palisade Wall |
| 19:56 | Build | Palisade Wall |
| 19:57 | Build | House |
| 19:59 | Build | House |
| 20:05 | Queue | Villager (Male) |
| 20:10 | Queue | Archer |
| 20:12 | Queue | Villager (Male) |
| 20:17 | Build | House |
| 20:21 | Build | Farm |
| 20:21 | Build | Farm |
| 20:21 | Build | Farm |
| 20:21 | Build | Farm |
| 20:27 | Build | Farm |
| 20:28 | Build | Farm |
| 20:30 | Build | Farm |
| 20:30 | Build | Farm |
| 20:33 | Build | Farm |
| 20:36 | Queue | Villager (Male) |
| 20:44 | Queue | Archer |
| 20:59 | Research | Padded Archer Armor |
| 20:59 | Research | Padded Archer Armor |
| 21:06 | Queue | Scout Cavalry |
| 21:13 | Build | House |
| 21:14 | Build | Farm |
| 21:17 | Queue | Villager (Male) |
| 21:32 | Queue | Villager (Male) |
| 21:50 | Build | Farm |
| 21:52 | Queue | Scout Cavalry |
| 21:58 | Build | Farm |
| 22:07 | Queue | Villager (Male) |
Build order — avlid
First 150 of 381 actions detected
| 0:00 | Queue | Villager (Male) |
| 0:00 | Queue | Villager (Male) |
| 0:02 | Build | House |
| 0:03 | Build | House |
| 0:06 | Queue | Villager (Male) |
| 0:06 | Queue | Villager (Male) |
| 0:19 | Research | Loom |
| 0:41 | Queue | Villager (Male) |
| 0:41 | Queue | Villager (Male) |
| 0:43 | Queue | Villager (Male) |
| 1:30 | Queue | Villager (Male) |
| 1:30 | Queue | Villager (Male) |
| 2:09 | Queue | Villager (Male) |
| 2:48 | Queue | Villager (Male) |
| 2:48 | Queue | Villager (Male) |
| 3:13 | Queue | Villager (Male) |
| 3:41 | Queue | Villager (Male) |
| 3:44 | Build | Palisade Wall |
| 3:44 | Build | Palisade Wall |
| 3:45 | Build | Palisade Wall |
| 3:46 | Build | Palisade Wall |
| 3:46 | Build | Palisade Wall |
| 3:47 | Build | Palisade Wall |
| 3:47 | Build | Palisade Wall |
| 3:47 | Build | Palisade Wall |
| 3:55 | Queue | Villager (Male) |
| 4:33 | Queue | Villager (Male) |
| 4:33 | Queue | Villager (Male) |
| 4:46 | Queue | Villager (Male) |
| 5:19 | Queue | Villager (Male) |
| 5:56 | Build | Settlement |
| 6:07 | Queue | Villager (Male) |
| 6:12 | Queue | Villager (Male) |
| 6:17 | Queue | Villager (Male) |
| 6:35 | Queue | Villager (Male) |
| 6:35 | Queue | Villager (Male) |
| 6:54 | Queue | Villager (Male) |
| 8:23 | Queue | Villager (Male) |
| 8:23 | Queue | Villager (Male) |
| 9:09 | Queue | Villager (Male) |
| 9:15 | Build | Settlement |
| 9:43 | Build | Barracks |
| 10:22 | Build | Farm |
| 10:28 | Research | Feudal Age |
| 10:28 | Research | Feudal Age |
| 10:40 | Build | Farm |
| 11:04 | Queue | Unit 2550 |
| 11:06 | Queue | Unit 2550 |
| 11:13 | Build | Farm |
| 12:01 | Build | Farm |
| 12:16 | Queue | Villager (Male) |
| 12:38 | Age | Feudal Age |
| 12:44 | Research | Tech 1402 |
| 12:44 | Research | Tech 1402 |
| 12:58 | Queue | Villager (Male) |
| 13:05 | Build | Archery Range |
| 13:29 | Queue | Villager (Male) |
| 13:36 | Build | Watch Tower |
| 13:46 | Queue | Villager (Male) |
| 13:56 | Research | Arson |
| 13:58 | Queue | Archer |
| 14:00 | Queue | Skirmisher |
| 14:06 | Research | Double-Bit Axe |
| 14:11 | Queue | Villager (Male) |
| 14:33 | Queue | Villager (Male) |
| 15:01 | Queue | Archer |
| 15:03 | Queue | Villager (Male) |
| 15:07 | Build | House |
| 15:12 | Build | Blacksmith |
| 15:16 | Queue | Skirmisher |
| 15:20 | Queue | Villager (Male) |
| 15:38 | Queue | Skirmisher |
| 15:42 | Queue | Villager (Male) |
| 15:47 | Build | House |
| 16:12 | Queue | Skirmisher |
| 16:25 | Build | House |
| 16:32 | Research | Fletching |
| 16:54 | Queue | Villager (Male) |
| 17:17 | Build | House |
| 17:23 | Build | Farm |
| 17:23 | Build | Farm |
| 17:23 | Build | Farm |
| 17:23 | Build | Farm |
| 17:24 | Build | Farm |
| 17:28 | Queue | Archer |
| 17:28 | Queue | Archer |
| 17:36 | Queue | Villager (Male) |
| 18:03 | Queue | Villager (Male) |
| 18:04 | Build | Farm |
| 18:04 | Build | Farm |
| 18:05 | Build | Farm |
| 18:28 | Queue | Villager (Male) |
| 18:46 | Queue | Villager (Male) |
| 19:03 | Queue | Villager (Male) |
| 19:15 | Build | House |
| 19:20 | Build | Archery Range |
| 19:21 | Build | Farm |
| 19:24 | Research | Horse Collar |
| 19:34 | Queue | Villager (Male) |
| 19:37 | Queue | Archer |
| 19:47 | Build | Palisade Wall |
| 19:48 | Build | Palisade Wall |
| 19:48 | Build | Palisade Wall |
| 20:00 | Build | Farm |
| 20:01 | Build | Farm |
| 20:05 | Queue | Archer |
| 20:07 | Queue | Archer |
| 20:07 | Queue | Archer |
| 20:09 | Build | Palisade Wall |
| 20:10 | Build | Palisade Wall |
| 20:18 | Queue | Villager (Male) |
| 20:21 | Research | Padded Archer Armor |
| 20:23 | Queue | Archer |
| 20:23 | Queue | Archer |
| 20:24 | Queue | Villager (Male) |
| 20:27 | Build | Palisade Wall |
| 20:38 | Build | Palisade Wall |
| 20:39 | Build | Palisade Wall |
| 20:39 | Build | Palisade Wall |
| 20:40 | Queue | Villager (Male) |
| 20:45 | Queue | Archer |
| 20:45 | Queue | Archer |
| 20:48 | Build | Settlement |
| 20:51 | Queue | Villager (Male) |
| 20:57 | Build | Farm |
| 21:03 | Queue | Skirmisher |
| 21:03 | Queue | Skirmisher |
| 21:20 | Build | House |
| 21:21 | Build | House |
| 21:21 | Build | House |
| 21:36 | Queue | Villager (Male) |
| 21:38 | Queue | Archer |
| 21:40 | Build | Farm |
| 21:41 | Build | Farm |
| 21:43 | Queue | Archer |
| 21:51 | Queue | Villager (Male) |
| 22:04 | Research | Town Watch |
| 22:10 | Queue | Spearman |
| 22:12 | Build | Market |
| 22:13 | Build | House |
| 22:14 | Build | House |
| 22:15 | Build | House |
| 22:16 | Build | House |
| 22:22 | Queue | Villager (Male) |
| 22:30 | Build | House |
| 22:30 | Build | House |
| 22:34 | Build | House |
| 22:35 | Build | House |
| 22:44 | Build | House |
| 22:51 | Queue | Villager (Male) |
Match timeline
| 3:44 | avlid · wall_segment Palisade Wall x1 |
| 3:44 | avlid · wall_segment Palisade Wall x1 |
| 3:45 | avlid · wall_segment Palisade Wall x1 |
| 3:46 | avlid · wall_segment Palisade Wall x1 |
| 3:46 | avlid · wall_segment Palisade Wall x1 |
| 3:47 | avlid · wall_segment Palisade Wall x1 |
| 3:47 | avlid · wall_segment Palisade Wall x1 |
| 3:47 | avlid · wall_segment Palisade Wall x1 |
| 9:31 | Fake2K · wall_segment Palisade Wall x3 |
| 9:31 | Fake2K · wall_segment Palisade Wall x1 |
| 9:32 | Fake2K · wall_segment Palisade Wall x1 |
| 9:32 | Fake2K · wall_segment Palisade Wall x1 |
| 9:32 | Fake2K · wall_segment Palisade Wall x1 |
| 9:33 | Fake2K · wall_segment Palisade Wall x1 |
| 9:37 | Fake2K · wall_segment Palisade Wall x2 |
| 9:40 | Fake2K · wall_segment Palisade Wall x1 |
| 9:40 | Fake2K · wall_segment Palisade Wall x1 |
| 9:41 | Fake2K · wall_segment Palisade Wall x1 |
| 9:41 | Fake2K · wall_segment Palisade Wall x2 |
| 9:41 | Fake2K · wall_segment Palisade Wall x1 |
| 9:42 | Fake2K · wall_segment Palisade Wall x1 |
| 9:42 | Fake2K · wall_segment Palisade Wall x2 |
| 9:42 | Fake2K · wall_segment Palisade Wall x2 |
| 9:43 | Fake2K · wall_segment Palisade Wall x1 |
| 9:43 | avlid · first_building Barracks |
| 10:19 | Fake2K · wall_segment Palisade Wall x2 |
| 10:20 | Fake2K · wall_segment Palisade Wall x1 |
| 10:20 | Fake2K · wall_segment Palisade Wall x1 |
| 10:20 | Fake2K · wall_segment Palisade Wall x1 |
| 10:24 | Fake2K · wall_segment Palisade Wall x4 |
| 10:25 | Fake2K · wall_segment Palisade Wall x1 |
| 11:45 | Fake2K · wall_segment Palisade Wall x1 |
| 11:47 | Fake2K · wall_segment Palisade Wall x6 |
| 12:09 | Fake2K · wall_segment Palisade Wall x5 |
| 12:38 | avlid · age_up feudal |
| 12:46 | Fake2K · wall_segment Palisade Wall x1 |
| 12:47 | Fake2K · wall_segment Palisade Wall x1 |
| 13:05 | avlid · first_building Archery Range |
| 13:15 | Fake2K · wall_segment Palisade Wall x1 |
| 13:19 | Fake2K · wall_segment Palisade Wall x1 |
| 13:23 | Fake2K · wall_segment Palisade Wall x1 |
| 13:25 | Fake2K · wall_segment Palisade Wall x1 |
| 13:32 | Fake2K · age_up feudal |
| 13:42 | Fake2K · first_building Archery Range |
| 14:21 | Fake2K · wall_segment Palisade Wall x1 |
| 16:01 | Fake2K · first_building Stable |
| 16:45 | Fake2K · wall_segment Palisade Wall x1 |
| 16:46 | Fake2K · wall_segment Palisade Wall x1 |
| 19:14 | Fake2K · wall_segment Palisade Wall x1 |
| 19:47 | avlid · wall_segment Palisade Wall x1 |
| 19:48 | avlid · wall_segment Palisade Wall x1 |
| 19:48 | avlid · wall_segment Palisade Wall x1 |
| 19:55 | Fake2K · wall_segment Palisade Wall x1 |
| 19:56 | Fake2K · wall_segment Palisade Wall x1 |
| 20:09 | avlid · wall_segment Palisade Wall x1 |
| 20:10 | avlid · wall_segment Palisade Wall x1 |
| 20:27 | avlid · wall_segment Palisade Wall x1 |
| 20:38 | avlid · wall_segment Palisade Wall x1 |
| 20:39 | avlid · wall_segment Palisade Wall x1 |
| 20:39 | avlid · wall_segment Palisade Wall x1 |
| 23:50 | Fake2K · first_market_sell 100 wood |
| 25:10 | Fake2K · first_market_buy 100 food |
| 25:48 | avlid · first_market_sell 500 wood |
| 27:13 | Fake2K · wall_segment Palisade Wall x1 |
| 28:33 | Fake2K · age_up castle |
| 28:46 | avlid · age_up castle |
| 29:05 | avlid · first_building Siege Workshop |
| 29:29 | avlid · wall_segment Palisade Wall x1 |
| 30:34 | Fake2K · first_building Siege Workshop |
| 31:39 | avlid · first_market_buy 100 stone |
| 37:07 | avlid · first_building Monastery |
| 46:11 | Fake2K · resign |
[ AI ANALYSIS · 1 CREDIT ]
What really happened in this match?
Wolo.gg analyzes every decision: build order, eco, micro, common mistakes by bracket. Personalized analysis on WhatsApp or Discord in 30 seconds.
Civ guide
Khmer
Perfil
Jugador #25915901